 Dungeon Crawl Stone Soup version 0.17.0-28-g6e173f8 (webtiles) character file.

65 sugabear the Shield-Bearer (level 4, -1/29 HPs)
             Began as a Gargoyle Fighter on Nov 22, 2015.
             Slain by Pikel
             ... wielding a +2 whip of flaming
              (3 damage)
             ... on level 3 of the Dungeon.
             The game lasted 00:02:42 (1407 turns).

sugabear the Shield-Bearer (Gargoyle Fighter)       Turns: 1407, Time: 00:02:43

Health: -1/29      AC: 15    Str: 25    XL:     4   Next: 14%
Magic:  4/4        EV:  4    Int:  9    God:
Gold:   139        SH:  9    Dex:  9    Spells: 0 memorised, 3 levels left

rFire  . . .     SeeInvis .     a - +0 war axe
rCold  . . .     Clarity  .     r - +0 plate armour
rNeg   + . .     SustAt   .     c - +0 shield
rPois  ∞         Gourm    .     (no helmet)
rElec  +         Spirit   .     (no cloak)
rCorr  .         Warding  .     (no gloves)
rMut   .         Stasis   .     (no boots)
MR     .....                    (no amulet)
Stlth  ..........               (no ring)
                                (no ring)

@: mighty, not resistant to hostile enchantments, extremely unstealthy
A: negative energy resistance 1, electricity resistance, unbreathing,
petrification resistance, rot immunity, AC +3
a: no special abilities


You were on level 3 of the Dungeon.
You were hungry.

You visited 1 branch of the dungeon, and saw 4 of its levels.

You collected 139 gold pieces.

Inventory:

Hand Weapons
 a - a +0 war axe (weapon)
Armour
 b - a +0 scale mail
 c - a +0 shield (worn)
 r - a +0 plate armour (worn)
Jewellery
 l - an uncursed amulet of rage {unknown}
 s - an uncursed ring of fire {unknown}
 t - a +2 ring of intelligence {unknown}
 v - a +6 ring of strength {unknown}
 w - a +3 ring of protection {unknown}
Scrolls
 f - 2 scrolls of magic mapping {unknown}
 h - a scroll of remove curse {unknown}
 j - 6 scrolls of identify {unknown}
 p - a scroll of noise {unknown}
Potions
 d - 3 potions of might
 g - 2 potions of curing {unknown}
 i - 2 potions of magic {unknown}
 n - 2 potions of heal wounds {unknown}
 o - a potion of resistance {unknown}
 u - a potion of degeneration {unknown}
 x - a potion of haste {unknown}
Comestibles
 e - 2 bread rations
 k - 3 meat rations
 m - a royal jelly
 q - a beef jerky


   Skills:
 + Level 3.9 Fighting
 + Level 2.2 Axes
 + Level 3.9 Armour
 + Level 4.0 Shields


You had 3 spell levels left.
You didn't know any spells.

Dungeon Overview and Level Annotations

Branches:
Dungeon (4/15)
 Temple: D:4-7

Altars:

Annotations:
D:3 Pikel


Innate Abilities, Weirdness & Mutations

You are resistant to torment.
Your stone body is resilient (AC +3).
You are immune to poison.
You resist negative energy.
You are resistant to electric shocks.
You can survive without breathing.
You are immune to petrification.
You are immune to rotting.


Message History

There is a stone staircase leading down here.
You closely miss Pikel.
Pikel is lightly wounded.
You closely miss the slave.
The slave is almost dead.
You closely miss the slave.
The slave is moderately wounded.
You block the slave's attack. x2
You block Pikel's attack.
You closely miss Pikel.
Pikel is lightly wounded.
Your shield and plate armour prevent you from hitting the slave.
The slave is moderately wounded.
You barely miss the slave.
The slave is almost dead.
The slave hits you but does no damage. x2
Pikel hits you with a whip of flaming.
* * * LOW HITPOINT WARNING * * *
Pikel burns you.
You die...

##........ ...
........#.... .....
.......#.... .......
...........
.......####..........
.....................
##.......###...p.......
#.............p@.......
#........[....K........
#......................
#.....#...#...........#
#.....#...#............
#.........#............
#......###............
#......###...........#
####....##.......... ##


You could see Pikel and 2 slaves.

Vanquished Creatures
  2 slaves (D:4)
  3 adders
  An orc (D:3)
  7 bats
  2 giant cockroaches
  5 goblins
  4 hobgoblins
  4 giant newts
  5 kobolds
  9 rats
42 creatures vanquished.

Notes
Turn   | Place    | Note
--------------------------------------------------------------
     0 | D:1      | sugabear the Gargoyle Fighter began the quest for the Orb.
     0 | D:1      | Reached XP level 1. HP: 14/14 MP: 1/1
   194 | D:2      | Reached XP level 2. HP: 19/19 MP: 2/2
   621 | D:2      | Reached XP level 3. HP: 20/24 MP: 3/3
  1165 | D:3      | Reached skill level 4 in Shields
  1165 | D:3      | Reached XP level 4. HP: 29/29 MP: 4/4
  1367 | D:3      | Found a faded altar to an unknown god.
  1395 | D:4      | Noticed Pikel
  1395 | D:4      | Noticed a slave
  1395 | D:4      | Noticed a slave
  1395 | D:4      | Noticed a slave
  1395 | D:4      | Noticed a slave
  1400 | D:4      | Killed a slave
  1402 | D:4      | Killed a slave
  1407 | D:3      | Slain by Pikel

Action                   |  1- 3 |  4- 6 || total
-------------------------+-------+-------++-------
Melee: War axe           |   119 |    30 ||   149
  Use: Potion            |       |     1 ||     1
  Eat: Chunk             |     1 |       ||     1
